 Dungeon Crawl Stone Soup version 0.30-a0-691-g754fce4c43 (webtiles) character file.

Game seed: 7789678305180174779

230528 Citaku the Executioner (level 18, -2/276 HPs)
             Began as a Minotaur Fighter on Jan 19, 2023.
             Was an Initiate of Gozag.
             Succumbed to a +2 halberd of venom's poison
             ... on level 1 of the Elven Halls.
             The game lasted 01:16:00 (40214 turns).

Citaku the Executioner (Minotaur Fighter)          Turns: 40214, Time: 01:16:01

Health: -2/276     AC: 29    Str: 41    XL:     18   Next: 33%
Magic:  17/17      EV:  2    Int:  5    God:    Gozag
Gold:   1102       SH: 31    Dex: 10    Spells: 17/17 levels left

rFire   . . .      SeeInvis +    y - +9 broad axe (heavy)
rCold   + + .      Faith    .    r - +8 tower shield
rNeg    . . .      Spirit   .    (body armour currently unavailable)
rPois   +          Reflect  +    (helmet currently unavailable)
rElec   +          Harm     .    (cloak currently unavailable)
rCorr   .          Rampage  .    (gloves currently unavailable)
Will    +....      Clarity  +    (boots currently unavailable)
Stlth   ++         NoTele   +    p - amulet of reflection
HPRegen 0.66/turn                j - ring "Qurucic" {Fly rElec Str+6 Stlth+}
MPRegen 0.15/turn                k - ring "Nyiteaze" {rC++ Str+6 SInv}

@: mighty, lethally poisoned (-2 -> -20), tree-form, gold aura, slowed, very
slow
A: stationary, stasis, torment immunity, boosted hp, (horns 2), (retaliatory
headbutt), (talons 1), clarity, sense surroundings 1, robust 1
}: 2/15 runes: serpentine, barnacled
a: Renounce Religion, Potion Petition, Call Merchant, Bribe Branch


You were on level 1 of the Elven Halls.
You worshipped Gozag.
Gozag was most pleased with you.
You were a tree.
You visited 7 branches of the dungeon, and saw 31 of its levels.
You visited 1 bazaar.
You also visited: Ossuary.

You collected 11978 gold pieces.
You spent 4085 gold pieces at shops.
You paid 6791 gold pieces to Gozag.

Inventory:

Hand Weapons
 y - a +9 heavy broad axe (weapon)
Armour
 o - a +2 cloak of preservation (melded)
 r - a +8 tower shield (worn)
 v - the +4 plate armour of Gozag's Regard (melded) {rPois MP+9 Str-5 SInv Stlth+}
   (You found it on level 4 of the Dungeon)

   Str:       It affects your strength (-5).
   rPois:     It protects you from poison.
   MP:        It affects your magic capacity (+9).
   SInv:      It lets you see invisible.
   Stlth:     It makes you more stealthy.
 x - a +1 hat (melded)
Jewellery
 j - the ring "Qurucic" (left branch) {Fly rElec Str+6 Stlth+}
   (You found it on level 1 of the Lair of Beasts)

   [ring of flight]

   Str:       It affects your strength (+6).
   rElec:     It insulates you from electricity.
   Fly:       It grants you flight.
   Stlth:     It makes you more stealthy.
 k - the ring "Nyiteaze" (right branch) {rC++ Str+6 SInv}
   (You found it on level 2 of the Shoals)

   [ring of strength]

   Str:       It affects your strength (+6).
   rC:        It greatly protects you from cold.
   SInv:      It lets you see invisible.
 p - an amulet of reflection (around neck)
Wands
 a - a wand of polymorph (27)
 b - a wand of flame (44)
 h - a wand of quicksilver (8)
 q - a wand of iceblast (37)
 E - a wand of mindburst (10)
 J - a wand of paralysis (16)
 K - a wand of digging (3)
Scrolls
 d - 15 scrolls of identify
 e - 15 scrolls of teleportation
 f - 3 scrolls of poison
 l - 4 scrolls of vulnerability
 m - 2 scrolls of butterflies
 w - 4 scrolls of fog
 z - 6 scrolls of amnesia
 B - 8 scrolls of fear
 I - a scroll of silence
 L - a scroll of enchant weapon
Potions
 c - a potion of resistance
 g - a potion of ambrosia
 i - 2 potions of lignification
 n - a potion of magic
 s - a potion of might
 u - 3 potions of brilliance
 C - a potion of attraction
 D - 5 potions of flight
 F - a potion of mutation
Miscellaneous
 A - a phial of floods (quivered)
 H - a tin of tremorstones (2/2)
 O - a lightning rod (4/4)


   Skills:
 + Level 16.9 Fighting
 * Level 24.9 Axes
 * Level 23.1 Armour
 + Level 16.9 Shields


You had 17 spell levels left.
You didn't know any spells.
Your spell library contained the following spells:

 Spells                   Type           Power      Damage    Failure   Level
 Beastly Appendage        Tmut           0%         N/A       83%         1
 Necrotise                Necr           0%         1d4       83%         1
 Sandblast                Erth           0%         2d4       83%         1
 Slow                     Hex            0%         N/A       83%         1
 Ensorcelled Hibernation  Hex/Ice        0%         N/A       93%         2
 Momentum Strike          Conj/Tloc      0%         3d8       93%         2
 Passwall                 Tmut/Erth      0%         N/A       93%         2
 Searing Ray              Conj           0%         2d4       93%         2
 Sublimation of Blood     Necr           0%         N/A       93%         2
 Wereblood                Tmut           0%         N/A       93%         2
 Confusing Touch          Hex            0%         N/A       99%         3
 Dazzling Flash           Conj/Hex       0%         N/A       99%         3
 Ignite Poison            Fire/Tmut/Pois 0%         N/A       99%         3
 Inner Flame              Hex/Fire       0%         N/A       99%         3
 Ozocubu's Armour         Ice            0%         N/A       99%         3
 Portal Projectile        Hex/Tloc       0%         N/A       99%         3
 Spider Form              Tmut/Pois      0%         N/A       99%         3
 Stone Arrow              Conj/Erth      0%         3d7       99%         3
 Summon Guardian Golem    Hex/Summ       0%         N/A       99%         3
 Tukima's Dance           Hex            0%         N/A       99%         3
 Vampiric Draining        Necr           0%         2d6       99%         3
 Anguish                  Hex/Necr       0%         N/A       100%        4
 Animate Armour           Summ/Erth      0%         N/A       100%        4
 Cause Fear               Hex            0%         N/A       100%        4
 Flame Wave               Conj/Fire      0%         2d4       100%        4
 Iskenderun's Mystic Bla  Conj/Tloc      0%         2d3       100%        4
 Passage of Golubria      Tloc           0%         N/A       100%        4
 Petrify                  Tmut/Erth      0%         N/A       100%        4
 Sticky Flame             Conj/Fire      0%         2d3       100%        4
 Agony                    Necr           0%         N/A       100%        5
 Alistair's Intoxication  Tmut/Pois      0%         N/A       100%        5
 Blade Hands              Tmut           0%         N/A       100%        5
 Borgnjor's Vile Clutch   Necr/Erth      0%         N/A       100%        5
 Freezing Cloud           Conj/Ice/Air   0%         6-21      100%        5
 Irradiate                Conj/Tmut      0%         3d11      100%        5
 Iskenderun's Battlesphe  Conj           0%         2d6       100%        5
 Metabolic Englaciation   Hex/Ice        0%         N/A       100%        5
 Yara's Violent Unravell  Hex/Tmut       0%         3d3       100%        5
 Iron Shot                Conj/Erth      0%         9d1       100%        6
 Starburst                Conj/Fire      0%         6d3       100%        6
 Statue Form              Tmut/Erth      0%         N/A       100%        6
 Enfeeble                 Hex            0%         N/A       100%        7
 Malign Gateway           Summ/Tloc      0%         N/A       100%        7
 Orb of Destruction       Conj           0%         9d5       100%        7
 Spellforged Servitor     Conj/Summ      0%         N/A       100%        7
 Summon Hydra             Summ           0%         N/A       100%        7
 Discord                  Hex            0%         N/A       100%        8
 Lehudib's Crystal Spear  Conj/Erth      0%         10d2      100%        8
 Summon Horrible Things   Summ           0%         N/A       100%        8
 Polar Vortex             Ice            0%         N/A       100%        9
 Simulacrum               Ice/Necr       Unusable   N/A       N/A         6

Dungeon Overview and Level Annotations

Branches:
Dungeon (14/15)            Temple (1/1) D:5            Lair (5/5) D:9
 Shoals (4/4) Lair:2        Snake (4/4) Lair:3        Slime (0/5) Lair:5
    Orc (2/2) D:10            Elf (1/3) Orc:2        Vaults (0/5) D:14
Ossuary (visited)

Altars:
Ashenzari
Cheibriados
Dithmenos
Elyvilon
Fedhas
Gozag
Hepliaklqana
Kikubaaqudgha
Makhleb
Nemelex Xobeh
Okawaru
Qazlal
Ru
Sif Muna
Trog
Uskayaw
Vehumet
Wu Jian
Xom
Yredelemnul
Zin
The Shining One
Jiyva
Lugonu

Shops:
D:3 *   D:6 *((=   D:7 *   D:8 ?=?   D:12 :   Orc:2 ?[!=([=?   Lair:3 [
Lair:5 [   Shoals:2 :   Shoals:3 [   Snake:1 ([=?   Snake:3 =   Snake:4 *

Portals:
Abyss: Orc:2 Lair:5

Annotations:
Orc:2 2 transporters, Frosty's ghost, journeyman DsNe


Innate Abilities, Weirdness & Mutations

You are a tree.
Your roots penetrate the ground, keeping you stationary.
You cannot be teleported.
You are immune to unholy pain and torment.
Your maximum health is greatly increased.
Your equipment is partially melded.
((You have a pair of horns on your head.))
((You reflexively headbutt those who attack you in melee.))
((You have sharp toenails.))
You possess an exceptional clarity of mind.
You passively map a small area around you.
You are robust. (+10% HP)


Message History

As you read the scroll of teleportation, it crumbles to dust.
You feel strangely unstable.
* * * LOW HITPOINT WARNING * * *
You feel extremely sick.
You block the +2 halberd of venom's attack.
You block the +2 battleaxe of freezing's attack.
A deep elf zephyrmancer comes into view.
It is wielding a +0 long sword.
A deep elf archer comes into view. It is wielding a +0 dagger.
The +2 halberd of venom hits you but does no damage.
You block the +2 battleaxe of freezing's attack.
The deep elf zephyrmancer gestures at you while chanting.
The bolt of lightning hits you. You resist.
* * * LOW HITPOINT WARNING * * *
The deep elf archer shouts!
Really quaff the potion of lignification?
You turn into a tree.
Your +2 cloak of preservation melds into your body.
Your +1 hat melds into your body.
The +4 plate armour of Gozag's Regard {rPois MP+9 Str-5 SInv Stlth+} melds into your body.
You feel your magic capacity decrease.
Your roots penetrate the ground.
You feel strangely stable.
* * * LOW HITPOINT WARNING * * *
You feel extremely sick.
The deep elf archer is no longer distracted by gold.
The deep elf knight seems to regain its courage.
You block the +2 halberd of venom's attack.
You block the +2 battleaxe of freezing's attack.
The deep elf archer mumbles some strange words.
The deep elf archer blinks!
The deep elf archer unwields a +0 longbow.
The deep elf archer wields a +0 short sword.
You block the deep elf archer's attack.
The +2 halberd of venom hits you but does no damage.
You are more poisoned.
You block the +2 battleaxe of freezing's attack.
The deep elf archer mumbles some strange words.
The deep elf archer blinks!
Okay, then.
You die...
Your body crumbles into a pile of gold.

#.# *, #.# * #.# * * *
#### #.# *, , , $ ..$#
#.# * , $, ...#
##.#### ,, , , *...#
......#####§##+###...#
#####..~≈8#......#$..#
##.~≈≈#...e.♣'$..#
#.≈≈≈#..##$(#...#
#.~≈≈#..##(E#####
#.~~≈'..##.ee,
#.~≈≈#..##.e# $*
#.~≈≈#..##..# , *
#.~≈≈#......# , ,,
...~≈8#......# *
##########+##+# **


You could see a deep elf archer (repels missiles), a deep elf knight
(invisible), an earth elemental, 2 deep elf zephyrmancers and 2 dancing weapons.

Vanquished Creatures
  Vashnia (Snake:2)
  Mlioglotl (Snake:1)
  Asterion (Snake:2)
  A tentacled monstrosity (Shoals:2)
  4 krakens
  Frances (D:13)
  Roxanne (Snake:3)
  8 nagarajas (Snake:4)
  3 azure jellies (Lair:5)
  Ilsuiw (Shoals:4)
  Azrael (D:14)
  6 merfolk javelineers (Shoals:4)
  Snorg (D:13)
  11 merfolk impalers
  An ettin (Orc:1)
  The ghost of Feriw the Severer, a journeyman HOMo of Beogh (Orc:1)
  5 vault guards (D:14)
  5 hydras
  2 salamander tyrants (Snake:4)
  2 ogre magi (Orc:2)
  An alligator snapping turtle (Shoals:1)
  4 catoblepae
  10 anacondas
  3 merfolk aquamancers
  3 centaur warriors
  3 boulder beetles
  11 two-headed ogres
  2 merfolk avatars
  11 naga warriors
  7 death yaks
  4 satyrs
  A tengu warrior (D:14)
  An orc high priest (Orc:2)
  6 shock serpents
  Urug (D:13)
  18 naga sharpshooters
  A salamander mystic (Snake:4)
  15 sea snakes
  Lodul (D:10)
  2 deep trolls
  4 naga ritualists
  2 deep elf archers (Elf:1)
  19 harpies
  10 deep elf pyromancers
  The ghost of Vildbasse the Chopper, a novice MiBe of Trog (D:6)
  4 mana vipers
  An orc knight (D:10)
  10 deep elf zephyrmancers
  14 fauns
  6 cyclopes
  2 ugly things
  5 salamanders
  9 guardian serpents
  19 manticores
  5 merfolk sirens
  21 black mambas
  3 apocalypse crabs (Shoals:2)
  14 naga magi
  9 elephants (Lair:4)
  A torpor snail (Lair:3)
  10 cane toads
  4 rime drakes
  5 water nymphs
  2 komodo dragons (D:12)
  2 unseen horrors
  Psyche (D:9)
  A tengu conjurer (D:14)
  31 merfolk
  12 trolls
  10 wind drakes
  3 polar bears
  3 meliai (D:14)
  A tarantella (shapeshifter) (D:13)
  3 dream sheep (Shoals:2)
  19 blink frogs
  9 snapping turtles
  6 slime creatures (D:12)
  A culicivora (shapeshifter) (D:14)
  A shadow (D:10)
  7 water elementals
  4 wraiths
  57 yaks
  2 vampires
  3 fire elementals (D:14)
  3 wyverns
  7 basilisks
  7 humans (D:14)
  13 vampire mosquitoes
  4 steam dragons
  30 nagas
  2 acid dragons
  20 water moccasins
  5 hell hounds (D:14)
  A sky beast (D:8)
  4 ice beasts
  26 ogres
  13 orc warriors
  3 black bears
  34 wolves
  5 boggarts (D:14)
  6 centaurs
  A phantom (D:6)
  3 kobold brigands
  Blork the orc (D:6)
  2 elf zombies (Ossuary)
  19 bullfrogs
  3 necrophages (D:6)
  2 gnoll sergeants
  5 scorpions
  19 killer bees
  6 electric eels
  7 howler monkeys
  3 vampire bats (Lair:4)
  A centaur zombie (Ossuary)
  12 orc priests
  2 human zombies (Ossuary)
  2 gnoll boudas
  3 iron imps (D:9)
  2 iguanas
  17 orc wizards
  2 centaur simulacra (D:8)
  2 mummies (Ossuary)
  15 gnolls
  5 adders
  2 shadow imps
  2 white imps
  A howler monkey simulacrum (D:8)
  2 ufetubi
  An adder zombie (D:3)
  2 worms (D:3)
  4 dart slugs
  53 orcs
  9 endoplasms
  5 giant cockroaches
  7 goblins
  5 hobgoblins
  3 jackals (D:1)
  11 ball pythons
  A ball python zombie (D:3)
  6 bats
  4 frilled lizards
  2 goblin zombies (Ossuary)
  9 hobgoblin zombies (Ossuary)
  2 jackal zombies (Ossuary)
  7 kobolds
  7 kobold zombies (Ossuary)
  10 orc zombies (Ossuary)
  6 rats
  2 rat zombies (Ossuary)
  A bush (Lair:4)
  3 tentacles
1002 creatures vanquished.

Vanquished Creatures (others)
  A merfolk aquamancer (Shoals:4)
  A deep elf pyromancer (Elf:1)
  A deep elf zephyrmancer (Elf:1)
  A briar patch (Lair:1)
  28 fungi
  A lurking horror (Lair:5)
  103 plants
  25 tentacles
  2 withered plants (D:6)
163 creatures vanquished.

Grand Total: 1165 creatures vanquished

Notes
Turn   | Place    | Note
-------+----------+-------------------------------------------
     0 | D:1      | Citaku the Minotaur Fighter began the quest for the Orb.
     0 | D:1      | Reached XP level 1. HP: 19/19 MP: 0/0
   128 | D:1      | Reached XP level 2. HP: 27/27 MP: 1/1
   253 | D:1      | Reached skill level 3 in Axes
  1038 | D:2      | Reached XP level 3. HP: 33/33 MP: 2/2
  1509 | D:3      | Found a basalt altar of Yredelemnul.
  1597 | D:3      | Reached XP level 4. HP: 40/40 MP: 3/3
  1599 | D:3      | Found Hopla's General Store.
  1603 | D:3      | Bought a +0 heavy hand axe for 103 gold pieces
  2216 | D:4      | Found a white marble altar of Elyvilon.
  2271 | D:4      | Reached skill level 4 in Axes
  2379 | D:4      | Reached skill level 5 in Armour
  2379 | D:4      | Reached XP level 5. HP: 35/47 MP: 4/4
  2810 | D:4      | Identified the +4 plate armour of Gozag's Regard {rPois
                  | MP+9 Str-5 SInv Stlth+}
  3072 | D:5      | Entered Level 5 of the Dungeon
  3097 | D:5      | Found a staircase to the Ecumenical Temple.
  3139 | Temple   | Entered the Ecumenical Temple
  3557 | D:5      | Noticed a black bear
  3565 | D:5      | Killed a black bear
  3566 | D:5      | Reached skill level 5 in Axes
  3566 | D:5      | Reached XP level 6. HP: 46/55 MP: 5/5
  3624 | D:5      | Found an opulent altar of Gozag.
  3636 | D:5      | Became a worshipper of Gozag Ym Sagoz the Greedy
  3777 | D:5      | Found a snail-covered altar of Cheibriados.
  3876 | D:5      | Found a blossoming altar of Fedhas.
  3990 | D:6      | Noticed Blork the orc
  3998 | D:6      | Noticed a water moccasin
  4006 | D:6      | Killed Blork the orc
  4007 | D:6      | Reached skill level 5 in Fighting
  4007 | D:6      | Reached skill level 5 in Shields
  4016 | D:5      | Killed a water moccasin
  4017 | D:5      | Reached XP level 7. HP: 9/61 MP: 6/6
  4220 | D:6      | Found Riydolun's Weapon Emporium.
  4258 | D:6      | Reached skill level 6 in Axes
  4283 | D:6      | Found Ovyg's Jewellery Emporium.
  4297 | D:6      | Found Zeq Meeg's Weapon Boutique.
  4508 | D:6      | Found Refiez's Assorted Antiques.
  4559 | D:6      | Found the +7 great mace "Firestarter" {flame, inner flame,
                  | rFlCloud rF++}
  4577 | D:6      | Noticed a steam dragon
  4594 | D:6      | Killed a steam dragon
  4595 | D:6      | Noticed a two-headed ogre
  4598 | D:6      | Reached XP level 8. HP: 27/70 MP: 7/7
  4600 | D:6      | Reached skill level 7 in Axes
  4847 | D:6      | Killed a two-headed ogre
  4848 | D:6      | Reached skill level 8 in Axes
  4848 | D:6      | Reached XP level 9. HP: 33/78 MP: 8/8
  5139 | D:6      | Found a runed translucent door.
  5139 | D:6      | Noticed Vildbasse's ghost (novice MiBe)
  5187 | D:6      | Reached skill level 9 in Axes
  5248 | D:6      | Gained mutation: Your system is resistant to poisons.
                  | (rPois) [potion of mutation]
  5248 | D:6      | Gained mutation: You have large cloven feet. [potion of
                  | mutation]
  5265 | D:6      | Killed Vildbasse's ghost
  5330 | D:6      | Lost mutation: You have large cloven feet. [potion of
                  | mutation]
  5330 | D:6      | Lost mutation: Your system is resistant to poisons. (rPois)
                  | [potion of mutation]
  5330 | D:6      | Gained mutation: You have sharp toenails. [potion of
                  | mutation]
  5330 | D:6      | Gained mutation: Your body sometimes deteriorates upon
                  | taking damage. [potion of mutation]
  5330 | D:6      | Gained mutation: You have razor-sharp toenails. [potion of
                  | mutation]
  5618 | D:7      | Reached skill level 10 in Armour
  5776 | D:7      | Found Oshyjoh's General Store.
  5784 | D:7      | Bought a scroll of identify for 26 gold pieces
  5784 | D:7      | Bought 2 potions of curing for 78 gold pieces
  5788 | D:7      | Identified a scroll of acquirement
  5790 | D:7      | Acquired a manual of Axes
  5924 | D:7      | Reached skill level 10 in Axes
  5942 | D:7      | Reached XP level 10. HP: 37/88 MP: 9/9
  5943 | D:7      | Reached skill level 11 in Axes
  6302 | D:7      | Found a sacrificial altar of Ru.
  6330 | D:7      | Found an ancient bone altar of Kikubaaqudgha.
  6523 | D:7      | Lost mutation: Your body sometimes deteriorates upon taking
                  | damage. [potion of mutation]
  6523 | D:7      | Lost mutation: You have razor-sharp toenails. [potion of
                  | mutation]
  6523 | D:7      | Gained mutation: You are robust. (+10% HP) [potion of
                  | mutation]
  6523 | D:7      | Gained mutation: You passively map a small area around you.
                  | [potion of mutation]
  6523 | D:7      | Gained mutation: You possess an exceptional clarity of
                  | mind. [potion of mutation]
  6743 | D:8      | Found Vaarepp's Jewellery Boutique.
  6783 | D:8      | Found Hufeuqeso's Magic Scroll Shoppe.
  6791 | D:8      | Bought a scroll of identify for 32 gold pieces
  6791 | D:8      | Bought a scroll of identify for 32 gold pieces
  6791 | D:8      | Bought a scroll of identify for 32 gold pieces
  6872 | D:8      | Identified the +6 rapier "Saubrele" {venom, +Blink Fly
                  | rCorr}
  6918 | D:8      | Found a sand-covered staircase.
  6932 | Ossuary  | Entered an ossuary
  7050 | Ossuary  | Reached skill level 12 in Axes
  7484 | D:8      | Found a glowing golden altar of the Shining One.
  8041 | D:8      | Found Yruol's Magic Scroll Boutique.
  8044 | D:8      | Bought a scroll of identify for 26 gold pieces
  8044 | D:8      | Bought a scroll of blinking for 97 gold pieces
  8044 | D:8      | Bought a scroll of fear for 52 gold pieces
  8044 | D:8      | Bought a scroll of fear for 52 gold pieces
  8044 | D:8      | Bought a scroll of enchant weapon for 97 gold pieces
  8293 | D:8      | Bought a scroll of teleportation for 48 gold pieces
  8293 | D:8      | Bought a scroll of enchant armour for 120 gold pieces
  8293 | D:8      | Bought a scroll of enchant weapon for 120 gold pieces
  8293 | D:8      | Bought a scroll of blinking for 120 gold pieces
  8293 | D:8      | Bought a scroll of teleportation for 48 gold pieces
  8293 | D:8      | Bought a scroll of blinking for 120 gold pieces
  8514 | D:9      | Reached skill level 13 in Axes
  8525 | D:9      | Noticed Psyche
  8541 | D:9      | Killed Psyche
  8553 | D:9      | Noticed a two-headed ogre
  8555 | D:9      | Reached XP level 11. HP: 56/106 MP: 10/10
  8571 | D:9      | Killed a two-headed ogre
  8572 | D:9      | Reached skill level 14 in Axes
  8781 | D:9      | Found an ornate altar of the Wu Jian Council.
  8862 | D:9      | Got the Cyclopedia of the Grim Plateau
  9028 | D:9      | Found a burning altar of Makhleb.
  9155 | D:9      | Found a staircase to the Lair.
  9193 | D:10     | Entered Level 10 of the Dungeon
  9329 | D:10     | Found a staircase to the Orcish Mines.
  9754 | D:10     | Noticed an orc knight
  9760 | D:10     | Noticed Lodul
  9773 | D:10     | Killed an orc knight
  9774 | D:10     | Reached skill level 15 in Axes
  9775 | D:10     | Killed Lodul
 10323 | D:11     | Noticed a red ugly thing
 10333 | D:11     | Killed a red ugly thing
 10334 | D:11     | Reached skill level 10 in Fighting
 10334 | D:11     | Reached skill level 16 in Axes
 10334 | D:11     | Reached skill level 10 in Shields
 10418 | D:11     | Identified the +4 dire flail of Hotuil {freeze, rPois rF+}
 10436 | D:11     | Noticed a boulder beetle
 10444 | D:11     | Killed a boulder beetle
 10767 | D:11     | Identified the ring "Riwinat" {Str+3 Dex+6 Stlth+}
 11466 | D:12     | Reached XP level 12. HP: 74/116 MP: 11/11
 11574 | D:12     | Reached skill level 17 in Axes
 12132 | D:12     | Found Giaddoir's Book Emporium.
 12287 | D:12     | Identified the +2 cloak of Beogh's Pride {Harm Str+3 Int+3}
 12446 | Orc:1    | Entered Level 1 of the Orcish Mines
 12593 | Orc:1    | Noticed Feriw's ghost (journeyman HOMo)
 12597 | Orc:1    | Found a runed translucent door.
 13071 | Orc:1    | Killed Feriw's ghost
 13214 | Orc:2    | Entered Level 2 of the Orcish Mines
 13245 | Orc:2    | Noticed an ettin
 13246 | Orc:2    | Noticed a two-headed ogre
 13356 | Orc:2    | Noticed a two-headed ogre
 13357 | Orc:2    | HP: 5/118 [troll (3)]
 13738 | Orc:1    | Reached skill level 18 in Axes
 13750 | Orc:1    | Killed an ettin
 13751 | Orc:1    | Reached skill level 15 in Armour
 13791 | Orc:2    | Killed a two-headed ogre
 14025 | Orc:2    | Noticed a two-headed ogre
 14031 | Orc:2    | Noticed a two-headed ogre
 14031 | Orc:2    | Noticed a two-headed ogre
 14034 | Orc:2    | Killed a two-headed ogre
 14276 | Orc:1    | Killed a two-headed ogre
 14282 | Orc:1    | Killed a two-headed ogre
 14286 | Orc:1    | HP: 1/121 [deep troll (8)]
 14673 | Orc:2    | Found a staircase to the Elven Halls.
 14834 | Orc:2    | Noticed a two-headed ogre
 14842 | Orc:2    | Killed a two-headed ogre
 14843 | Orc:2    | Reached XP level 13. HP: 117/127 MP: 12/12
 14893 | Orc:2    | Found a transporter.
 14908 | Orc:2    | Found a one-way gate to the infinite horrors of the Abyss.
 14908 | Orc:2    | Noticed Frosty's ghost (journeyman DsNe)
 14910 | Orc:2    | Found a transporter.
 15007 | Orc:2    | Found Zicviaptu's Weapon Emporium.
 15383 | Orc:2    | Noticed an orc warlord
 15388 | Orc:2    | Noticed a tentacled starspawn
 15397 | Orc:2    | Found Ifoadu's Armour Shop.
 15400 | Orc:2    | Found Nufyekkit's Jewellery Shoppe.
 15401 | Orc:2    | Found Jataups's Distillery.
 15402 | Orc:2    | Found Rofudd's Magic Scroll Boutique.
 15409 | Orc:2    | Bought a +0 cloak of preservation for 138 gold pieces
 15430 | Orc:2    | Bought a scroll of magic mapping for 105 gold pieces
 15436 | Orc:2    | Bought a potion of heal wounds for 65 gold pieces
 15436 | Orc:2    | Bought a potion of curing for 39 gold pieces
 15436 | Orc:2    | Bought a potion of cancellation for 104 gold pieces
 15436 | Orc:2    | Bought a potion of might for 52 gold pieces
 16071 | D:13     | Reached skill level 19 in Axes
 16373 | D:13     | Noticed Frances
 16387 | D:13     | Killed Frances
 16597 | D:13     | Found a gate leading to a gauntlet.
 16635 | D:13     | Noticed Urug
 16755 | D:13     | HP: 1/129 [deep elf pyromancer/bolt of fire (15)]
 17095 | D:13     | Noticed Snorg
 17101 | D:13     | Killed Urug
 17112 | D:13     | Killed Snorg
 17911 | D:14     | Reached XP level 14. HP: 69/139 MP: 13/13
 17948 | D:14     | Found a gate to the Vaults.
 18577 | D:14     | Noticed Azrael
 18595 | D:14     | Killed Azrael
 18596 | D:14     | Reached skill level 20 in Axes
 19527 | D:14     | HP: 10/208 [poisoned by a meliai]
 20242 | Orc:2    | Bought a scroll of teleportation for 51 gold pieces
 20242 | Orc:2    | Bought a scroll of teleportation for 51 gold pieces
 20242 | Orc:2    | Bought a scroll of teleportation for 51 gold pieces
 20242 | Orc:2    | Bought a scroll of enchant weapon for 127 gold pieces
 20242 | Orc:2    | Bought a scroll of enchant armour for 127 gold pieces
 20242 | Orc:2    | Bought a scroll of enchant armour for 127 gold pieces
 20354 | Lair:1   | Entered Level 1 of the Lair of Beasts
 20370 | Lair:1   | Identified the +7 mace "Woigg" {flame, rElec rF- rN+ Str+3
                  | Int+3}
 20881 | Lair:1   | Found a transporter.
 20940 | Lair:1   | Found a transporter.
 21109 | Lair:1   | Identified the +0 hat "Piskaho" {MP+9 Dex-4 SInv Stlth-}
 21111 | Lair:1   | Identified the ring "Qurucic" {Fly rElec Str+6 Stlth+}
 21228 | Lair:2   | Found a staircase to the Shoals.
 22600 | Lair:3   | Found the +1 robe of Vines {NoPotionHeal Regen++++}
 22795 | Lair:3   | Found a staircase to the Snake Pit.
 24106 | Lair:4   | Reached skill level 21 in Axes
 24340 | Lair:5   | Entered Level 5 of the Lair of Beasts
 24459 | Lair:5   | Reached XP level 15. HP: 146/149 MP: 14/14
 24594 | Lair:5   | Found a runed translucent door.
 24595 | Lair:5   | Found a viscous altar of Jiyva.
 24595 | Lair:5   | Noticed an azure jelly
 24596 | Lair:5   | Noticed an azure jelly
 24597 | Lair:5   | Found a staircase to the Slime Pits.
 24598 | Lair:5   | Noticed an azure jelly
 25654 | Lair:5   | Got the Guidebook on the Discharge
 26121 | Lair:5   | Found a corrupted altar of Lugonu.
 26401 | Lair:5   | Killed an azure jelly
 26403 | Lair:5   | Killed an azure jelly
 26406 | Lair:5   | Killed an azure jelly
 26546 | Shoals:1 | Entered Level 1 of the Shoals
 26861 | Shoals:1 | Noticed a kraken
 26997 | Shoals:1 | Killed a kraken
 27455 | Shoals:1 | Reached skill level 22 in Axes
 27711 | Shoals:1 | Noticed a kraken
 27806 | Shoals:1 | Killed a kraken
 28173 | Shoals:2 | Found Ceun's Book Shoppe.
 28268 | Shoals:2 | Noticed a kraken
 28276 | Shoals:2 | Killed a kraken
 28277 | Shoals:2 | Reached XP level 16. HP: 108/161 MP: 15/15
 28549 | Shoals:2 | Noticed a tentacled monstrosity
 28553 | Shoals:2 | Killed a tentacled monstrosity
 28604 | Shoals:2 | Identified the ring "Nyiteaze" {rC++ Str+6 SInv}
 28611 | Shoals:2 | Got Mara's Omnibus of Mad Ravings
 29567 | Shoals:3 | Reached skill level 15 in Shields
 29570 | Shoals:3 | HP: 8/161 [satyr/arrow (25)]
 29571 | Shoals:3 | Reached skill level 15 in Fighting
 31046 | Shoals:3 | Found Efroxut's Armour Emporium.
 31274 | Shoals:4 | Entered Level 4 of the Shoals
 31275 | Shoals:4 | Noticed Ilsuiw
 31468 | Shoals:4 | Reached skill level 23 in Axes
 31474 | Shoals:4 | Killed Ilsuiw
 31929 | Shoals:4 | Found the +9 staff of Olgreb {rPois∞}
 32001 | Shoals:4 | Identified the +2 spear of the Original Sin {vamp, rF+ rC-
                  | rCorr Stlth+}
 32109 | Shoals:4 | Identified the +5 spear of Vuisyas {antimagic, rElec rC+}
 32169 | Shoals:4 | Noticed a kraken
 32402 | Shoals:4 | Got Vehumet's Papyrus of the Allied Missiles
 32869 | Shoals:4 | HP: 3/163 [something/ball of steam (33)]
 33161 | Shoals:4 | Reached XP level 17. HP: 86/172 MP: 16/16
 33700 | Shoals:4 | Killed a kraken
 33753 | Shoals:4 | Got a barnacled rune of Zot
 34069 | Snake:1  | Entered Level 1 of the Snake Pit
 34076 | Lair:3   | Bought a pitted plate armour for 756 gold pieces
 34076 | Lair:3   | Identified the +0 plate armour of the Stars {Will++ Regen+
                  | Dex+3 Stlth+} (You bought it in a shop on level 3 of the
                  | Lair of Beasts)
 34086 | Snake:1  | Noticed Mlioglotl
 34095 | Snake:1  | Killed Mlioglotl
 34367 | Snake:1  | Found Jogobeq's Weapon Shop.
 34617 | Snake:1  | Found Jasch's Armour Shoppe.
 34619 | Snake:1  | Found Enytz's Jewellery Emporium.
 34622 | Snake:1  | Found Tiyras's Magic Scroll Shoppe.
 34625 | Snake:1  | Bought a +2 buckler for 264 gold pieces
 34631 | Snake:1  | Bought a scroll of teleportation for 60 gold pieces
 34631 | Snake:1  | Bought a scroll of enchant armour for 150 gold pieces
 34631 | Snake:1  | Bought a scroll of enchant armour for 150 gold pieces
 34631 | Snake:1  | Bought a scroll of teleportation for 60 gold pieces
 34859 | Snake:2  | Noticed Vashnia
 34870 | Snake:2  | HP: 8/173 [poisoned by a naga sharpshooter (splash of
                  | poison)]
 34870 | Snake:2  | HP: 2/173 [naga sharpshooter/arrow[Vashnia] (6)]
 35236 | Snake:2  | Killed Vashnia
 35685 | Snake:2  | Reached skill level 24 in Axes
 36006 | Snake:2  | Noticed Asterion
 36019 | Snake:2  | Killed Asterion
 36885 | Snake:3  | Identified Roxanne's Tractate on Modification
 36885 | Snake:3  | Noticed Roxanne
 36902 | Snake:3  | Killed Roxanne
 37829 | Snake:4  | Entered Level 4 of the Snake Pit
 37829 | Snake:4  | Found a flickering gateway to a bazaar.
 37841 | Bazaar   | Entered a bazaar
 37857 | Bazaar   | Found Xoohorau's Magic Scroll Shop.
 37888 | Bazaar   | Found Rolusez's Distillery.
 37908 | Bazaar   | Found Vynyefuy's Distillery.
 37916 | Bazaar   | Bought a potion of curing for 45 gold pieces
 37916 | Bazaar   | Bought a potion of heal wounds for 75 gold pieces
 37916 | Bazaar   | Bought a potion of might for 60 gold pieces
 37916 | Bazaar   | Bought a potion of might for 60 gold pieces
 37916 | Bazaar   | Bought a potion of curing for 45 gold pieces
 37928 | Bazaar   | Found Peaz's Magic Scroll Shop.
 37963 | Bazaar   | Bought a scroll of magic mapping for 120 gold pieces
 38218 | Snake:4  | Found Nanoakam's Overcharged Wands.
 38799 | Snake:4  | Reached XP level 18. HP: 148/184 MP: 17/17
 38821 | Snake:4  | Got a serpentine rune of Zot
 39958 | Elf:1    | Entered Level 1 of the Elven Halls
 40161 | Elf:1    | Found an ancient bone altar of Kikubaaqudgha.
 40212 | Elf:1    | HP: 7/184 [deep elf zephyrmancer/bolt of lightning (4)]
 40214 | Elf:1    | Succumbed to a +2 halberd of venom's poison

Illustrated notes

Levels and vault maps discovered:
D:1:      matt_arrival_grand_opening, layout_basic,
          hangedman_decor_diamond_cutter
D:2:      layout_rooms
D:3:      layout_loops_cross, lemuel_zombie_altar_yredelemnul, serial_shops,
          nicolae_shop_window_shopping
D:4:      layout_basic, elyvilon_altar_1
D:5:      layout_loops_ring, lemuel_round_altar, mainiacjoe_overflow_alcove_2,
          lemuel_doored_altar, minmay_temple_entry_large_hall,
          hellmonk_bongcloud_opening
D:6:      minmay_clustersquares, layout_cave_pools, serial_shops, shop,
          nicolae_shop_stone, nicolae_shop_hallway_stairs,
          nicolae_shop_waterfront, gammafunk_ghost_grave,
          lexackson_kobold_supper, uniq_blork_the_orc
D:7:      layout_basic, nicolae_overflow_squiral, serial_shops,
          nicolae_diamond_shop
D:8:      layout_layer_cave, mainiacjoe_overflow_surrounded_room,
          enter_ossuary_1, serial_ice, serial_ice_a, serial_ice_l, serial_ice_b,
          serial_ice_e, serial_ice_h, serial_ice_f, serial_shops, shop, shop,
          nicolae_shop_behind_doors
D:9:      layout_big_octagon, mainiacjoe_overflow_chevrons, demons_altar,
          grunt_lair_entry_orc_guard_hut, eino_jars, uniq_psyche
D:10:     layout_stronghold, orc_0_dummy, minmay_fractal_squares_5, uniq_lodul
D:11:     layout_irregular_city
D:12:     layout_basic, serial_shops, nicolae_shop_trees
D:13:     layout_cave_pools, gauntlet_entry_generic, elves_outpost_lemuel,
          uniq_snorg, uniq_frances, uniq_urug
D:14:     layout_loops_corners, ximxim_vaults_locker_room, uniq_azrael
Temple:   nicolae_temple_slightly_damp_pantheon
Lair:1:   gammafunk_worm_tunnel, layout_loops_ring
Lair:2:   layout_roguey, nicolae_shoals_entry_roost
Lair:3:   layout_regular_city, dummy_snake_entry, grunt_megastairs_2,
          serial_bayou_shore_b, serial_bayou_shore_b, infiniplex_staircase_pool
Lair:4:   layout_cave_pods, roderic_batcave, minivault_23, st_stairs_6,
          chequers_serial_rivers_room_a
Lair:5:   evilmike_catoblepas_cave, layout_regular_city, slime_entry_2,
          chequers_serial_rivers_small_b, amcnicky_altar_lugonu_corruption,
          grunt_megastairs_5
Shoals:1: layout_shoals, nicolae_shoals_kraken_intersection
Shoals:2: dreamdust_from_the_deep, layout_shoals, serial_shops, shop
Shoals:3: layout_shoals, serial_shops, nicolae_shop_behind_doors
Shoals:4: shoals_end_simple, layout_shoals, shoal_ilsuiw,
          nicolae_shoals_circle_sea_wall
Snake:1:  layout_rooms, serial_shops, nicolae_shop_bloodbath_and_beyond,
          drop_trap, grunt_megastairs_3, minmay_shop_star, serial_bayou_shore_a,
          lemuel_fruit_tree, uniq_mlioglotl
Snake:2:  layout_cave_pods, nrook_guardian_serpent_ordinary, uniq_asterion,
          uniq_vashnia
Snake:3:  layout_basic, nicolae_snake_slithery_corners, uniq_roxanne
Snake:4:  grunt_snake_rune_serpentine_throne, layout_misc_corridors,
          serial_shops, bzr_entry_gold, nicolae_shop_overcharged_wands
Orc:1:    layout_caves, hellmonk_ghost_happy_afterlife
Orc:2:    st_orc_open, layout_diamond_mine, gammafunk_ghost_abyssal_escape,
          serial_shops, shop
Elf:1:    minmay_elf_arrival_plus, layout_loops_ring, basic_altar,
          evilmike_minifort, drop_trap

Skill      XL: |  1  2  3  4  5  6  7  8  9 10 11 12 13 14 15 16 17 18 |
---------------+-------------------------------------------------------+-----
Armour         | 4 5 6 7 9 10 12 13 15 17 18 20 21 22 23 | 23.1
Axes           | 3 4 5 6 8 10 13 16 18 19 21 22 23 24 | 24.9
Fighting       | 4 5 6 8 9 10 11 12 13 14 15 16 | 16.9
Shields        | 4 5 6 7 9 10 11 12 13 14 15 16 | 16.9

Action                   |  1- 3 |  4- 6 |  7- 9 | 10-12 | 13-15 | 16-18 || total
-------------------------+-------+-------+-------+-------+-------+-------++-------
Melee: War axe           |    74 |     2 |       |       |       |       ||    76
       Headbutt          |     7 |    11 |    33 |   128 |   195 |   117 ||   491
       Hand axe          |       |    96 |   175 |   596 |   401 |       ||  1268
       Kick              |       |       |    17 |   185 |   313 |   153 ||   668
       Broad axe         |       |       |       |       |   468 |   607 ||  1075
Invok: Call Merchant     |       |       |       |       |     4 |     2 ||     6
Evoke: Phial of floods   |       |       |       |       |       |     1 ||     1
       Lightning rod     |       |       |       |       |       |     1 ||     1
  Use: Potion            |       |     1 |     7 |     6 |    18 |    21 ||    53
       Scroll            |       |       |     7 |    21 |    24 |    19 ||    71
 Stab: Distracted        |       |       |       |     6 |     6 |     1 ||    13
Armor: Scale mail        |    29 |    29 |       |       |       |       ||    58
       Plate armour      |       |    49 |   208 |   418 |   557 |   404 ||  1636
       Skin              |       |       |       |       |       |    10 ||    10
Dodge: Dodged            |    38 |    47 |    84 |   210 |   246 |   239 ||   864
Block: Buckler           |    22 |    24 |    68 |   162 |   467 |   597 ||  1340
       Reflection        |       |       |       |       |    13 |   130 ||   143
       Tower shield      |       |       |       |       |       |    50 ||    50

Table legend: (Time is in decaauts)
 A = Elapsed time spent in this place.
 B = Non-inter-level travel time spent in this place.
 C = Inter-level travel time spent in this place.
 D = Time resting spent in this place.
 E = Time spent auto-exploring this place.
 F = Levels seen in this place.
 G = Mean time per level.
                   A        B        C        D        E       F      G
               +--------+--------+--------+--------+--------+-----+--------+
         Total |  40290 |  38951 |   1339 |   3142 |  28813 |  33 | 1220.9 |
       Dungeon |  16113 |  15539 |    574 |    488 |  12549 |  14 | 1150.9 |
        Temple |    182 |    163 |     19 |      0 |    151 |   1 |  182.0 |
          Lair |   6241 |   5941 |    300 |    331 |   4520 |   5 | 1248.2 |
        Shoals |   7505 |   7367 |    138 |   1171 |   5124 |   4 | 1876.2 |
     Snake Pit |   5650 |   5428 |    222 |    430 |   4090 |   4 | 1412.5 |
  Orcish Mines |   3870 |   3789 |     81 |    721 |   1892 |   2 | 1935.0 |
   Elven Halls |    266 |    266 |      0 |      0 |    203 |   1 |  266.0 |
        Bazaar |    136 |    136 |      0 |      0 |     66 |   1 |  136.0 |
       Ossuary |    323 |    323 |      0 |      0 |    216 |   1 |  323.0 |
               +--------+--------+--------+--------+--------+-----+--------+

Top non-repeatable levels by time:
    D:14: 2312 daAuts
Shoals:2: 2023 daAuts
   Orc:1: 2012 daAuts
Shoals:4: 2007 daAuts
Shoals:3: 1992 daAuts
 Snake:4: 1859 daAuts
   Orc:2: 1857 daAuts
  Lair:5: 1836 daAuts
  Lair:4: 1604 daAuts
     D:8: 1561 daAuts
    D:13: 1539 daAuts
Shoals:1: 1482 daAuts
 Snake:2: 1371 daAuts
 Snake:3: 1315 daAuts
     D:7: 1284 daAuts
